Montreal Canadiens vs Minnesota North Stars

Created - Tuesday, March 3, 2026 at 07:51

Goals
1 2 3 OT1 T
Montreal Canadiens 1 1 1 0 3
Minnesota North Stars 2 1 0 1 4
Shots
1 2 3 OT1 T
Montreal Canadiens 7 14 7 2 30
Minnesota North Stars 17 7 4 2 30

1st period

1. Minnesota North Stars , William Karlsson 10 (Jack Hughes 21, Jonathan Marchessault 14) at 5:04 (PP)
2. Minnesota North Stars , Jack Hughes 15 (William Eklund 9, Brock Nelson 20) at 11:28
3. Montreal Canadiens , Juraj Slafkovsky 7 (Martin Necas 16, Macklin Celebrini 24) at 11:46

Penalties :
Adam Fox (MTL) for Slashing (Minor) at 3:24, Brad Marchand (MTL) for Tripping (Minor) at 19:31

2nd period

4. Minnesota North Stars , Kent Johnson 8 (Jack Hughes 22) at 0:28 (PP)
5. Montreal Canadiens , Brad Marchand 20 (Lane Hutson 12) at 13:41

Penalties :
Brad Marchand (MTL) for Holding (Minor) at 5:44

3rd period

6. Montreal Canadiens , Evgeni Dadonov 1 (Brad Marchand 21, Owen Power 11) at 13:15

Penalties :
Erik Cernak (MNS) for Tripping (Minor) at 4:54, Neal Pionk (MNS) for Cross-checking (Minor) at 15:17

Overtime #1

7. Minnesota North Stars , Kent Johnson 9 (Michael Rasmussen 2) at 3:03

Penalties :
No Penalty

Goalie Stats

Lukas Dostal (MTL), 26 saves from 30 shots - (0.867), OTL, 9-4-2, 63:03 minutes
Logan Thompson (MNS), 27 saves from 30 shots - (0.900), W, 12-8-3, 63:03 minutes

Players Stats for Montreal Canadiens

Player Name              G  A  P  +/- PIM S  H  SB GA TA FO     MP     PP MP  PK MP  
------------------------------------------------------------------------------------
Adam Fox                 0  0  0   1  2   1  0  0  0  1  0/0    17:33   1:42   0:00 
Arttu Hyry               0  0  0   0  0   1  0  0  0  0  0/0     9:25   0:00   0:00 
Brad Marchand            1  1  2   1  4   6  4  1  0  1  1/2    19:29   1:38   0:37 
Brady Skjei              0  0  0  -1  0   1  0  2  0  1  0/0    25:55   2:16   2:03 
Damon Severson           0  0  0  -2  0   1  1  1  1  2  0/0    20:16   2:16   2:33 
Drew O'Connor            0  0  0   1  0   1  0  0  0  0  1/2    14:39   0:00   2:14 
Evgeni Dadonov           1  0  1   0  0   2  2  0  1  0  1/1    14:39   0:55   0:20 
Fyodor Svechkov          0  0  0  -1  0   2  1  0  0  0  2/3     9:38   0:19   0:00 
Josh Manson              0  0  0   1  0   2  1  1  0  1  0/0    18:54   0:00   2:03 
Juraj Slafkovsky         1  0  1   0  0   3  0  0  0  0  0/0    16:16   1:56   0:00 
Justin Hryckowian        0  0  0   0  0   0  0  0  0  0  0/0     9:02   0:00   0:00 
Lane Hutson              0  1  1   1  0   0  0  0  0  0  0/0    20:05   1:42   0:00 
Macklin Celebrini        0  1  1   0  0   1  2  1  1  0  10/16  18:55   1:56   1:25 
Martin Necas             0  1  1   0  0   2  3  0  0  1  0/0    17:29   1:58   0:09 
Matt Duchene             0  0  0   1  0   4  1  0  0  0  13/22  20:52   1:37   2:13 
Owen Power               0  1  1   2  0   2  0  0  1  0  0/0    22:36   0:00   2:33 
Patrik Laine             0  0  0   1  0   1  0  0  0  0  0/0    17:11   1:35   0:00 
Teddy Blueger            0  0  0   1  0   0  0  1  0  1  6/15   14:39   0:00   2:14 

Players Stats for Minnesota North Stars

Player Name              G  A  P  +/- PIM S  H  SB GA TA FO     MP     PP MP  PK MP  
------------------------------------------------------------------------------------
Brock Nelson             0  1  1   0  0   3  1  0  0  0  10/17  18:50   2:00   0:00 
Erik Cernak              0  0  0  -1  2   0  1  0  0  2  0/0    17:42   0:00   0:35 
Frank Vatrano            0  0  0  -1  0   2  2  2  0  0  1/2    16:39   0:00   1:36 
Gustav Forsling          0  0  0   0  0   0  1  1  0  0  0/0    22:46   2:09   2:38 
Ivan Barbashev           0  0  0  -1  0   2  0  0  1  0  0/1     7:18   0:00   0:00 
Jack Hughes              1  2  3   0  0   3  0  1  2  0  1/2    19:07   2:07   0:00 
Jonathan Marchessault    0  1  1  -1  0   3  3  0  0  0  0/2    20:19   2:22   0:32 
Kent Johnson             2  0  2   0  0   4  0  0  0  0  0/5    21:08   2:43   2:03 
Lawson Crouse            0  0  0  -1  0   0  0  0  0  0  0/0     9:39   0:32   1:06 
Matt Roy                 0  0  0   0  0   0  3  2  0  1  0/0    21:55   2:27   0:06 
Michael Rasmussen        0  1  1   0  0   2  2  2  1  0  5/15   18:59   0:50   1:23 
Neal Pionk               0  0  0   0  2   2  3  0  0  1  0/0    21:43   2:09   0:39 
Niko Mikkola             0  0  0  -1  0   0  0  0  0  0  0/0    19:18   0:00   1:54 
Rasmus Dahlin            0  0  0   0  0   1  1  1  0  0  0/0    22:56   2:27   2:04 
Ryan Nugent-Hopkins      0  0  0   0  0   2  2  1  0  0  5/8    15:39   0:00   1:16 
Valeri Nichushkin        0  0  0   0  0   2  0  0  4  0  0/0    14:57   2:05   0:00 
William Eklund           0  1  1   0  0   3  5  1  0  0  0/2    16:04   0:03   0:00 
William Karlsson         1  0  1   0  0   1  0  0  0  0  5/7     3:13   1:06   0:00 

3 Stars

1 - Jack Hughes (MNS)
2 - Kent Johnson (MNS)
3 - Brad Marchand (MTL)

Power Play

Montreal Canadiens - 0 on 2 Attempt(s) - 0.00%
Minnesota North Stars - 2 on 3 Attempt(s) - 66.67%

Penalty Kill

Montreal Canadiens - 1 on 3 Attempt(s) - 33.33% - Score 0 goal in Penalty Kill
Minnesota North Stars - 2 on 2 Attempt(s) - 100.00% - Score 0 goal in Penalty Kill

Team Stat

Montreal Canadiens - Hits : 15 - Faceoff Wins : 34 - Blocked Shots : 7 - Penalty Minutes : 6
Minnesota North Stars - Hits : 24 - Faceoff Wins : 27 - Blocked Shots : 11 - Penalty Minutes : 4

Official

Referees : Reid Anderson and Tom Chmielewski
Linesman : Brandon Gawryletz and Jonny Murray

Game Notes

William Karlsson is injured at 11:51 of 1st period (Upper Body)

Finance

Level 1 -- Attendance: 5669 (94.48%) -- Ticket Income $532,886
Level 2 -- Attendance: 5000 (100.00%) -- Ticket Income $280,000
Level 3 -- Attendance: 2894 (96.47%) -- Ticket Income $92,608
Level 4 -- Attendance: 4859 (97.18%) -- Ticket Income $106,898
Luxury Box -- Attendance: 777 (77.70%) -- Ticket Income $149,961
Game was played at the Met Center.
Total Attendance: 19199 (96.00%)
Total Ticket Income: $1,162,353
Other Income: $406,824
Total Income: $1,569,177

Montreal Canadiens

5 vs 5 Forward 
   Center                   Left Wing                Right Wing               Time % Phy DF OF 
 1 Macklin Celebrini        Juraj Slafkovsky         Martin Necas             30     0   0  5  
 2 Matt Duchene             Brad Marchand            Patrik Laine             30     0   0  5  
 3 Teddy Blueger            Evgeni Dadonov           Drew O'Connor            25     0   2  3  
 4 Fyodor Svechkov          Justin Hryckowian        Arttu Hyry               15     0   4  1  

5 vs 5 Defense 
   Defense                  Defense                                           Time % Phy DF OF 
 1 Josh Manson              Lane Hutson                                       30     1   2  2  
 2 Brady Skjei              Damon Severson                                    30     1   2  2  
 3 Adam Fox                 Owen Power                                        25     1   2  2  
 4 Brady Skjei              Owen Power                                        15     1   3  1  

PowerPlay Forward 
   Center                   Left Wing                Right Wing               Time % Phy DF OF 
 1 Macklin Celebrini        Juraj Slafkovsky         Brad Marchand            50     0   0  5  
 2 Matt Duchene             Patrik Laine             Martin Necas             50     0   0  5  

PowerPlay Defense
   Defense                  Defense                                           Time % Phy DF OF 
 1 Adam Fox                 Lane Hutson                                       50     0   0  5  
 2 Brady Skjei              Damon Severson                                    50     0   0  5  

Penalty Kill 4 Players Forward 
   Center                   Wing                     Time % Phy DF OF 
 1 Matt Duchene             Brad Marchand            50     0   5  0  
 2 Teddy Blueger            Drew O'Connor            50     0   5  0  

Penalty Kill 4 Players Defense
   Defense                  Defense                  Time % Phy DF OF 
 1 Josh Manson              Brady Skjei              50     0   5  0  
 2 Owen Power               Damon Severson           50     0   5  0  

Penalty Kill - 3 Players Forward 
   Forward                                           Time % Phy DF OF 
 1 Teddy Blueger                                     50     0   5  0  
 2 Drew O'Connor                                     50     0   5  0  

Penalty Kill - 3 Players Defense
   Defense                  Defense                  Time % Phy DF OF 
 1 Josh Manson              Brady Skjei              50     0   5  0  
 2 Owen Power               Damon Severson           50     0   5  0  

4 vs 4 Forward 
   Center                   Wing                     Time % Phy DF OF 
 1 Macklin Celebrini        Martin Necas             50     1   2  2  
 2 Matt Duchene             Brad Marchand            50     1   2  2  

4 vs 4 Defense
   Defense                  Defense                  Time % Phy DF OF 
 1 Lane Hutson              Adam Fox                 50     1   2  2  
 2 Brady Skjei              Damon Severson           50     1   2  2  

Last Minutes Offensive
   Center                   Left Wing                Right Wing               Defense                  Defense                  
   Macklin Celebrini        Matt Duchene             Brad Marchand            Lane Hutson              Adam Fox                 

Last Minutes Defensive
   Center                   Left Wing                Right Wing               Defense                  Defense                  
   Teddy Blueger            Evgeni Dadonov           Drew O'Connor            Brady Skjei              Owen Power               

Goaltenders
Starting : Lukas Dostal             
Backup : Stuart Skinner           

Extra Forwards
Normal : Macklin Celebrini, Brad Marchand, Matt Duchene - PP : Macklin Celebrini, Brad Marchand - PK : Macklin Celebrini
Extra Defensemen
Normal : Brady Skjei, Owen Power, Damon Severson - PP : Lane Hutson - PK : Brady Skjei, Owen Power
Penalty Shots
Brad Marchand, Teddy Blueger, Matt Duchene, Macklin Celebrini, Patrik Laine

Scratches
Ryan Poehling (Bruised Left Shoulder Injury), Pyotr Kochetkov (Healthy)

Minnesota North Stars

5 vs 5 Forward 
   Center                   Left Wing                Right Wing               Time % Phy DF OF 
 1 Brock Nelson             Jack Hughes              William Eklund           30     0   1  4  
 2 Ryan Nugent-Hopkins      Valeri Nichushkin        Kent Johnson             30     0   1  4  
 3 William Karlsson         Frank Vatrano            Jonathan Marchessault    30     0   1  4  
 4 Michael Rasmussen        Ivan Barbashev           Lawson Crouse            10     0   4  1  

5 vs 5 Defense 
   Defense                  Defense                                           Time % Phy DF OF 
 1 Matt Roy                 Rasmus Dahlin                                     34     0   3  2  
 2 Gustav Forsling          Neal Pionk                                        34     0   3  2  
 3 Erik Cernak              Niko Mikkola                                      32     0   4  1  
 4 Matt Roy                 Rasmus Dahlin                                     0      1   2  2  

PowerPlay Forward 
   Center                   Left Wing                Right Wing               Time % Phy DF OF 
 1 Brock Nelson             Valeri Nichushkin        Kent Johnson             50     0   0  5  
 2 William Karlsson         Jack Hughes              Jonathan Marchessault    50     0   0  5  

PowerPlay Defense
   Defense                  Defense                                           Time % Phy DF OF 
 1 Matt Roy                 Rasmus Dahlin                                     50     0   2  3  
 2 Gustav Forsling          Neal Pionk                                        50     0   2  3  

Penalty Kill 4 Players Forward 
   Center                   Wing                     Time % Phy DF OF 
 1 Ryan Nugent-Hopkins      Michael Rasmussen        50     0   5  0  
 2 William Karlsson         Frank Vatrano            50     0   5  0  

Penalty Kill 4 Players Defense
   Defense                  Defense                  Time % Phy DF OF 
 1 Gustav Forsling          Erik Cernak              50     0   5  0  
 2 Niko Mikkola             Neal Pionk               50     0   5  0  

Penalty Kill - 3 Players Forward 
   Forward                                           Time % Phy DF OF 
 1 Ryan Nugent-Hopkins                               50     0   5  0  
 2 William Karlsson                                  50     0   5  0  

Penalty Kill - 3 Players Defense
   Defense                  Defense                  Time % Phy DF OF 
 1 Gustav Forsling          Erik Cernak              50     0   5  0  
 2 Niko Mikkola             Neal Pionk               50     0   5  0  

4 vs 4 Forward 
   Center                   Wing                     Time % Phy DF OF 
 1 Brock Nelson             Jack Hughes              50     0   2  3  
 2 Ryan Nugent-Hopkins      Jonathan Marchessault    50     0   2  3  

4 vs 4 Defense
   Defense                  Defense                  Time % Phy DF OF 
 1 Matt Roy                 Rasmus Dahlin            50     0   3  2  
 2 Gustav Forsling          Neal Pionk               50     0   3  2  

Last Minutes Offensive
   Center                   Left Wing                Right Wing               Defense                  Defense                  
   Brock Nelson             Jack Hughes              Valeri Nichushkin        Matt Roy                 Rasmus Dahlin            

Last Minutes Defensive
   Center                   Left Wing                Right Wing               Defense                  Defense                  
   William Karlsson         Michael Rasmussen        Ryan Nugent-Hopkins      Matt Roy                 Erik Cernak              

Goaltenders
Starting : Logan Thompson           
Backup : Charlie Lindgren         

Extra Forwards
Normal : William Karlsson, Jonathan Marchessault, Michael Rasmussen - PP : William Karlsson, Jonathan Marchessault - PK : William Karlsson
Extra Defensemen
Normal : Erik Cernak, Niko Mikkola, Gustav Forsling - PP : Erik Cernak - PK : Niko Mikkola, Gustav Forsling
Penalty Shots
Kent Johnson, Brock Nelson, Valeri Nichushkin, Ryan Nugent-Hopkins, William Eklund

Scratches
Dylan DeMelo (Healthy), Brandon Bussi (Healthy)

% Time on Ice - Montreal Canadiens

Lines # - Real PCT - Wanted PCT - Time Play
Normal Forward
1 - 27% - 30% - 13:51
2 - 32% - 30% - 16:21
3 - 24% - 25% - 12:12
4 - 18% - 15% - 9:02
Normal Defense
1 - 33% - 30% - 16:51
2 - 28% - 30% - 14:32
3 - 27% - 25% - 14:07
4 - 12% - 15% - 5:56
PP Forward
1 - 53% - 50% - 2:06
2 - 47% - 50% - 1:52
PP Defense
1 - 43% - 50% - 1:42
2 - 57% - 50% - 2:16
PK Forward
1 - 51% - 50% - 2:22
2 - 49% - 50% - 2:14
PK Defense
1 - 45% - 50% - 2:03
2 - 55% - 50% - 2:33
PK3 Forward
1 - 0% - 50%
2 - 0% - 50%
PK3 Defense
1 - 0% - 50%
2 - 0% - 50%
44 Forward
1 - 44% - 50% - 1:20
2 - 56% - 50% - 1:43
44 Defense
1 - 57% - 50% - 1:45
2 - 43% - 50% - 1:18
Last Minute Offensive  - 0:00
Last Minute Defensive  - 0:00
Total
Forward - 63:03
Defense - 63:03

% Time on Ice - Minnesota North Stars

Lines # - Real PCT - Wanted PCT - Time Play
Normal Forward
1 - 31% - 30% - 15:55
2 - 26% - 30% - 13:10
3 - 29% - 30% - 15:03
4 - 14% - 10% - 7:18
Normal Defense
1 - 33% - 34% - 17:10
2 - 32% - 34% - 16:29
3 - 33% - 32% - 17:08
4 - 1% - 0% - 0:39
PP Forward
1 - 43% - 50% - 2:00
2 - 57% - 50% - 2:36
PP Defense
1 - 53% - 50% - 2:27
2 - 47% - 50% - 2:09
PK Forward
1 - 32% - 50% - 1:16
2 - 68% - 50% - 2:42
PK Defense
1 - 48% - 50% - 1:55
2 - 52% - 50% - 2:03
PK3 Forward
1 - 0% - 50%
2 - 0% - 50%
PK3 Defense
1 - 0% - 50%
2 - 0% - 50%
44 Forward
1 - 50% - 50% - 1:32
2 - 50% - 50% - 1:31
44 Defense
1 - 55% - 50% - 1:40
2 - 45% - 50% - 1:23
Last Minute Offensive  - 0:00
Last Minute Defensive  - 0:00
Total
Forward - 63:03
Defense - 63:03

Play-by-Play

1st period


0:01 of 1st period - Macklin Celebrini wins face-off versus Brock Nelson in neutral zone.
0:27 of 1st period - Kent Johnson is hit by Brad Marchand and loses puck.
0:32 of 1st period - Slapshot by Brad Marchand.
0:32 of 1st period - Shot Misses the Net.
1:44 of 1st period - Wrist shot by Matt Duchene.
1:44 of 1st period - Stopped by Logan Thompson with a rebound.
2:02 of 1st period - Wrist shot by Matt Duchene.
2:02 of 1st period - Shot Misses the Net.
2:16 of 1st period - Wrist shot by Ryan Nugent-Hopkins.
2:16 of 1st period - Stopped by Lukas Dostal with a rebound.
2:18 of 1st period - Snap shot by Kent Johnson.
2:18 of 1st period - Stopped by Lukas Dostal with a rebound.
2:35 of 1st period - Icing by Brady Skjei.
2:36 of 1st period - William Karlsson wins face-off versus Matt Duchene in Montreal Canadiens zone.
2:45 of 1st period - Wrist shot by Jonathan Marchessault.
2:45 of 1st period - Stopped by Lukas Dostal without a rebound.
2:46 of 1st period - Teddy Blueger wins face-off versus Jonathan Marchessault in Montreal Canadiens zone.
2:50 of 1st period - Off-side.
2:51 of 1st period - Evgeni Dadonov wins face-off versus William Karlsson in neutral zone.
3:18 of 1st period - Martin Necas is hit by William Eklund and loses puck.
3:24 of 1st period - Minor Penalty to Adam Fox for Slashing.
3:25 of 1st period - William Karlsson wins face-off versus Teddy Blueger in Montreal Canadiens zone.
3:27 of 1st period - Wrist shot by Jonathan Marchessault.
3:27 of 1st period - Shot Misses the Net.
3:29 of 1st period - Slapshot by Neal Pionk.
3:29 of 1st period - Shot Blocked by Brady Skjei.
3:31 of 1st period - Slapshot by Neal Pionk.
3:31 of 1st period - Stopped by Lukas Dostal without a rebound.
3:32 of 1st period - William Karlsson wins face-off versus Teddy Blueger in Montreal Canadiens zone.
3:33 of 1st period - Snap shot by Jack Hughes.
3:33 of 1st period - Stopped by Lukas Dostal without a rebound.
3:34 of 1st period - William Karlsson wins face-off versus Teddy Blueger in Montreal Canadiens zone.
3:41 of 1st period - Snap shot by Jonathan Marchessault.
3:41 of 1st period - Stopped by Lukas Dostal with a rebound.
3:43 of 1st period - Slapshot by Neal Pionk.
3:43 of 1st period - Shot Misses the Net.
4:02 of 1st period - Wrist shot by William Karlsson.
4:02 of 1st period - Deflect By Jack Hughes.
4:02 of 1st period - Stopped by Lukas Dostal without a rebound.
4:03 of 1st period - Matt Duchene wins face-off versus Brock Nelson in Montreal Canadiens zone.
4:15 of 1st period - Off-side.
4:16 of 1st period - Brock Nelson wins face-off versus Matt Duchene in neutral zone.
4:48 of 1st period - Off-side.
4:49 of 1st period - William Karlsson wins face-off versus Teddy Blueger in neutral zone.
5:04 of 1st period - Slapshot by William Karlsson.
5:04 of 1st period - Goal by William Karlsson - Montreal Canadiens : 0 - Minnesota North Stars : 1.
5:05 of 1st period - Macklin Celebrini wins face-off versus William Karlsson in neutral zone.
5:08 of 1st period - Snap shot by Martin Necas.
5:08 of 1st period - Stopped by Logan Thompson with a rebound.
5:32 of 1st period - Drew O'Connor is hit by William Eklund and loses puck.
7:11 of 1st period - Snap shot by Jack Hughes.
7:11 of 1st period - Shot Blocked by Brad Marchand.
9:39 of 1st period - Snap shot by Arttu Hyry.
9:39 of 1st period - Shot Misses the Net.
10:08 of 1st period - Valeri Nichushkin is hit by Macklin Celebrini and loses puck.
10:14 of 1st period - Icing by Niko Mikkola.
10:15 of 1st period - Ryan Nugent-Hopkins wins face-off versus Drew O'Connor in Minnesota North Stars zone.
10:54 of 1st period - Slapshot by Fyodor Svechkov.
10:54 of 1st period - Shot Hit the Post.
11:06 of 1st period - Kent Johnson is hit by Evgeni Dadonov.
11:22 of 1st period - Slapshot by Valeri Nichushkin.
11:22 of 1st period - Stopped by Lukas Dostal without a rebound.
11:23 of 1st period - Brock Nelson wins face-off versus Macklin Celebrini in Montreal Canadiens zone.
11:28 of 1st period - Slapshot by Jack Hughes.
11:28 of 1st period - Goal by Jack Hughes - Montreal Canadiens : 0 - Minnesota North Stars : 2.
11:29 of 1st period - Macklin Celebrini wins face-off versus Brock Nelson in neutral zone.
11:32 of 1st period - Wrist shot by Martin Necas.
11:32 of 1st period - Shot Blocked by William Eklund.
11:34 of 1st period - Wrist shot by Brady Skjei.
11:34 of 1st period - Shot Misses the Net.
11:36 of 1st period - Snap shot by Juraj Slafkovsky.
11:36 of 1st period - Stopped by Logan Thompson with a rebound.
11:44 of 1st period - Backhand shot by Martin Necas.
11:44 of 1st period - Shot Blocked by Gustav Forsling.
11:46 of 1st period - Snap shot by Juraj Slafkovsky.
11:46 of 1st period - Goal by Juraj Slafkovsky - Montreal Canadiens : 1 - Minnesota North Stars : 2.
11:47 of 1st period - Macklin Celebrini wins face-off versus Jonathan Marchessault in neutral zone.
11:50 of 1st period - William Karlsson is hit by Martin Necas and loses puck.
11:51 of 1st period - William Karlsson from Minnesota North Stars is injured at 11:51 of 1st period (Upper Body).
11:52 of 1st period - Teddy Blueger wins face-off versus Michael Rasmussen in Minnesota North Stars zone.
12:17 of 1st period - Macklin Celebrini is hit by Neal Pionk and loses puck.
13:34 of 1st period - Snap shot by Brad Marchand.
13:34 of 1st period - Shot Misses the Net.
13:36 of 1st period - Slapshot by Josh Manson.
13:36 of 1st period - Shot Misses the Net.
13:38 of 1st period - Snap shot by Brad Marchand.
13:38 of 1st period - Stopped by Logan Thompson with a rebound.
13:40 of 1st period - Snap shot by Matt Duchene.
13:40 of 1st period - Shot Blocked by Michael Rasmussen.
13:42 of 1st period - Wrist shot by Matt Duchene.
13:42 of 1st period - Stopped by Logan Thompson without a rebound.
13:43 of 1st period - Macklin Celebrini wins face-off versus Brock Nelson in Minnesota North Stars zone.
14:34 of 1st period - Snap shot by Ivan Barbashev.
14:34 of 1st period - Stopped by Lukas Dostal with a rebound.
14:36 of 1st period - Slapshot by Rasmus Dahlin.
14:36 of 1st period - Deflect By Owen Power.
14:36 of 1st period - Stopped by Lukas Dostal without a rebound.
14:37 of 1st period - Macklin Celebrini wins face-off versus Michael Rasmussen in Montreal Canadiens zone.
15:07 of 1st period - Juraj Slafkovsky is hit by Michael Rasmussen and loses puck.
16:20 of 1st period - Snap shot by Michael Rasmussen.
16:20 of 1st period - Stopped by Lukas Dostal with a rebound.
16:55 of 1st period - Icing by Lawson Crouse.
16:56 of 1st period - Teddy Blueger wins face-off versus Ivan Barbashev in Minnesota North Stars zone.
17:08 of 1st period - Wrist shot by Ivan Barbashev.
17:08 of 1st period - Stopped by Lukas Dostal with a rebound.
17:10 of 1st period - Snap shot by Michael Rasmussen.
17:10 of 1st period - Stopped by Lukas Dostal without a rebound.
17:11 of 1st period - Matt Duchene wins face-off versus Kent Johnson in Montreal Canadiens zone.
17:18 of 1st period - Slapshot by Jonathan Marchessault.
17:18 of 1st period - Stopped by Lukas Dostal without a rebound.
17:19 of 1st period - Matt Duchene wins face-off versus Kent Johnson in Montreal Canadiens zone.
18:07 of 1st period - Snap shot by Valeri Nichushkin.
18:07 of 1st period - Shot Misses the Net.
18:09 of 1st period - Wrist shot by Valeri Nichushkin.
18:09 of 1st period - Stopped by Lukas Dostal without a rebound.
18:10 of 1st period - Matt Duchene wins face-off versus Brock Nelson in Montreal Canadiens zone.
18:19 of 1st period - Snap shot by Matt Duchene.
18:19 of 1st period - Stopped by Logan Thompson with a rebound.
19:12 of 1st period - Icing by Gustav Forsling.
19:13 of 1st period - Brock Nelson wins face-off versus Matt Duchene in Minnesota North Stars zone.
19:13 of 1st period - Brock Nelson is hit by Brad Marchand.
19:31 of 1st period - Minor Penalty to Brad Marchand for Tripping.
19:32 of 1st period - Brock Nelson wins face-off versus Matt Duchene in Montreal Canadiens zone.
19:38 of 1st period - Wrist shot by Kent Johnson.
19:38 of 1st period - Shot Misses the Net.
19:40 of 1st period - Snap shot by Brock Nelson.
19:40 of 1st period - Shot Blocked by Macklin Celebrini.
19:42 of 1st period - Snap shot by Matt Roy.
19:42 of 1st period - Shot Blocked by Damon Severson.
19:58 of 1st period - Teddy Blueger is hit by Matt Roy and loses puck.
Goals for this period are 1 for Montreal Canadiens vs 2 for Minnesota North Stars.
Shots for this period are 7 for Montreal Canadiens vs 17 for Minnesota North Stars.

2nd period


0:01 of 2nd period - Matt Duchene wins face-off versus Brock Nelson in neutral zone.
0:28 of 2nd period - Snap shot by Kent Johnson.
0:28 of 2nd period - Deflect By Brady Skjei.
0:28 of 2nd period - Goal by Kent Johnson - Montreal Canadiens : 1 - Minnesota North Stars : 3.
0:29 of 2nd period - Teddy Blueger wins face-off versus Michael Rasmussen in neutral zone.
0:34 of 2nd period - Slapshot by Evgeni Dadonov.
0:34 of 2nd period - Shot Misses the Net.
0:36 of 2nd period - Slapshot by Evgeni Dadonov.
0:36 of 2nd period - Shot Blocked by Michael Rasmussen.
0:54 of 2nd period - Arttu Hyry is hit by Rasmus Dahlin and loses puck.
1:13 of 2nd period - Snap shot by Martin Necas.
1:13 of 2nd period - Stopped by Logan Thompson with a rebound.
1:15 of 2nd period - Slapshot by Josh Manson.
1:15 of 2nd period - Shot Blocked by Jack Hughes.
1:17 of 2nd period - Slapshot by Josh Manson.
1:17 of 2nd period - Deflect By Brock Nelson.
1:17 of 2nd period - Stopped by Logan Thompson without a rebound.
1:18 of 2nd period - Macklin Celebrini wins face-off versus Michael Rasmussen in Minnesota North Stars zone.
1:22 of 2nd period - Icing by Neal Pionk.
1:23 of 2nd period - Drew O'Connor wins face-off versus Frank Vatrano in Minnesota North Stars zone.
1:24 of 2nd period - Snap shot by Evgeni Dadonov.
1:24 of 2nd period - Stopped by Logan Thompson without a rebound.
1:25 of 2nd period - Michael Rasmussen wins face-off versus Teddy Blueger in Minnesota North Stars zone.
2:15 of 2nd period - Off-side.
2:16 of 2nd period - Teddy Blueger wins face-off versus Kent Johnson in neutral zone.
2:21 of 2nd period - Snap shot by Drew O'Connor.
2:21 of 2nd period - Shot Misses the Net.
2:23 of 2nd period - Backhand shot by Drew O'Connor.
2:23 of 2nd period - Shot Misses the Net.
2:25 of 2nd period - Slapshot by Evgeni Dadonov.
2:25 of 2nd period - Deflect By Drew O'Connor.
2:25 of 2nd period - Shot Blocked by Matt Roy.
2:25 of 2nd period - Puck is out of play.
2:26 of 2nd period - Frank Vatrano wins face-off versus Teddy Blueger in Minnesota North Stars zone.
2:42 of 2nd period - Icing by Adam Fox.
2:43 of 2nd period - Brock Nelson wins face-off versus Teddy Blueger in Montreal Canadiens zone.
3:10 of 2nd period - Slapshot by Drew O'Connor.
3:10 of 2nd period - Stopped by Logan Thompson without a rebound.
3:11 of 2nd period - Michael Rasmussen wins face-off versus Matt Duchene in Minnesota North Stars zone.
3:24 of 2nd period - Snap shot by Matt Duchene.
3:24 of 2nd period - Deflect By Patrik Laine.
3:24 of 2nd period - Shot Hit the Post.
3:24 of 2nd period - Puck is out of play.
3:25 of 2nd period - Brock Nelson wins face-off versus Macklin Celebrini in Minnesota North Stars zone.
3:38 of 2nd period - Slapshot by William Eklund.
3:38 of 2nd period - Stopped by Lukas Dostal with a rebound.
4:34 of 2nd period - Off-side.
4:35 of 2nd period - Brock Nelson wins face-off versus Teddy Blueger in neutral zone.
5:00 of 2nd period - Slapshot by Martin Necas.
5:00 of 2nd period - Deflect By Macklin Celebrini.
5:00 of 2nd period - Stopped by Logan Thompson with a rebound.
5:06 of 2nd period - Snap shot by William Eklund.
5:06 of 2nd period - Shot Misses the Net.
5:08 of 2nd period - Slapshot by Neal Pionk.
5:08 of 2nd period - Stopped by Lukas Dostal with a rebound.
5:10 of 2nd period - Wrist shot by Brock Nelson.
5:10 of 2nd period - Stopped by Lukas Dostal with a rebound.
5:12 of 2nd period - Snap shot by Brock Nelson.
5:12 of 2nd period - Stopped by Lukas Dostal with a rebound.
5:30 of 2nd period - Snap shot by William Eklund.
5:30 of 2nd period - Shot Misses the Net.
5:34 of 2nd period - Slapshot by William Eklund.
5:34 of 2nd period - Shot Misses the Net.
5:36 of 2nd period - Snap shot by William Eklund.
5:36 of 2nd period - Shot Misses the Net.
5:40 of 2nd period - Wrist shot by William Eklund.
5:40 of 2nd period - Stopped by Lukas Dostal without a rebound.
5:41 of 2nd period - Matt Duchene wins face-off versus Michael Rasmussen in Montreal Canadiens zone.
5:41 of 2nd period - Matt Duchene is hit by Frank Vatrano.
5:44 of 2nd period - Minor Penalty to Brad Marchand for Holding.
5:45 of 2nd period - Matt Duchene wins face-off versus Jack Hughes in Montreal Canadiens zone.
6:36 of 2nd period - Teddy Blueger is hit by Jonathan Marchessault and loses puck.
7:17 of 2nd period - Kent Johnson is hit by Macklin Celebrini and loses puck.
7:44 of 2nd period - Penalty to Brad Marchand is over, Brad Marchand is back on ice.
7:56 of 2nd period - Slapshot by Frank Vatrano.
7:56 of 2nd period - Stopped by Lukas Dostal without a rebound.
7:57 of 2nd period - Fyodor Svechkov wins face-off versus William Eklund in Montreal Canadiens zone.
9:09 of 2nd period - Kent Johnson is hit by Evgeni Dadonov and loses puck.
11:02 of 2nd period - Snap shot by Matt Duchene.
11:02 of 2nd period - Deflect By Patrik Laine.
11:02 of 2nd period - Stopped by Logan Thompson with a rebound.
12:24 of 2nd period - Jack Hughes is hit by Brad Marchand and loses puck.
12:51 of 2nd period - Matt Roy is hit by Damon Severson and loses puck.
13:08 of 2nd period - Juraj Slafkovsky is hit by Jonathan Marchessault and loses puck.
13:25 of 2nd period - Snap shot by Arttu Hyry.
13:25 of 2nd period - Stopped by Logan Thompson with a rebound.
13:39 of 2nd period - Wrist shot by Brad Marchand.
13:39 of 2nd period - Shot Misses the Net.
13:41 of 2nd period - Wrist shot by Brad Marchand.
13:41 of 2nd period - Goal by Brad Marchand - Montreal Canadiens : 2 - Minnesota North Stars : 3.
13:42 of 2nd period - Matt Duchene wins face-off versus Michael Rasmussen in neutral zone.
13:45 of 2nd period - Snap shot by Matt Duchene.
13:45 of 2nd period - Deflect By Brad Marchand.
13:45 of 2nd period - Stopped by Logan Thompson without a rebound.
13:46 of 2nd period - Matt Duchene wins face-off versus Michael Rasmussen in Minnesota North Stars zone.
14:13 of 2nd period - Drew O'Connor is hit by William Eklund and loses puck.
15:00 of 2nd period - Snap shot by Patrik Laine.
15:00 of 2nd period - Shot Blocked by Frank Vatrano.
15:23 of 2nd period - Icing by Fyodor Svechkov.
15:24 of 2nd period - Fyodor Svechkov wins face-off versus Ryan Nugent-Hopkins in Montreal Canadiens zone.
15:24 of 2nd period - Fyodor Svechkov is hit by Matt Roy.
15:39 of 2nd period - Off-side.
15:40 of 2nd period - Michael Rasmussen wins face-off versus Matt Duchene in neutral zone.
16:30 of 2nd period - Snap shot by Fyodor Svechkov.
16:30 of 2nd period - Shot Misses the Net.
16:32 of 2nd period - Slapshot by Owen Power.
16:32 of 2nd period - Shot Misses the Net.
16:34 of 2nd period - Slapshot by Owen Power.
16:34 of 2nd period - Deflect By Arttu Hyry.
16:34 of 2nd period - Shot Misses the Net.
16:34 of 2nd period - Puck is out of play.
16:35 of 2nd period - Matt Duchene wins face-off versus Michael Rasmussen in Minnesota North Stars zone.
16:46 of 2nd period - Snap shot by Matt Duchene.
16:46 of 2nd period - Shot Misses the Net.
16:48 of 2nd period - Slapshot by Owen Power.
16:48 of 2nd period - Stopped by Logan Thompson with a rebound.
16:50 of 2nd period - Slapshot by Brad Marchand.
16:50 of 2nd period - Stopped by Logan Thompson without a rebound.
16:51 of 2nd period - Ryan Nugent-Hopkins wins face-off versus Macklin Celebrini in Minnesota North Stars zone.
17:00 of 2nd period - Slapshot by Martin Necas.
17:00 of 2nd period - Deflect By Juraj Slafkovsky.
17:00 of 2nd period - Stopped by Logan Thompson with a rebound.
17:18 of 2nd period - Rasmus Dahlin is hit by Matt Duchene and loses puck.
17:59 of 2nd period - Fyodor Svechkov is hit by Ryan Nugent-Hopkins and loses puck.
18:24 of 2nd period - Slapshot by Lawson Crouse.
18:24 of 2nd period - Shot Blocked by Josh Manson.
19:05 of 2nd period - Slapshot by Fyodor Svechkov.
19:05 of 2nd period - Stopped by Logan Thompson with a rebound.
19:07 of 2nd period - Snap shot by Arttu Hyry.
19:07 of 2nd period - Shot Blocked by Ryan Nugent-Hopkins.
19:09 of 2nd period - Slapshot by Josh Manson.
19:09 of 2nd period - Stopped by Logan Thompson without a rebound.
19:10 of 2nd period - Michael Rasmussen wins face-off versus Fyodor Svechkov in Minnesota North Stars zone.
19:21 of 2nd period - Michael Rasmussen is hit by Fyodor Svechkov and loses puck.
19:52 of 2nd period - Icing by William Eklund.
19:53 of 2nd period - Brock Nelson wins face-off versus Brad Marchand in Minnesota North Stars zone.
19:58 of 2nd period - Adam Fox is hit by William Eklund and loses puck.
Goals for this period are 1 for Montreal Canadiens vs 1 for Minnesota North Stars.
Shots for this period are 14 for Montreal Canadiens vs 7 for Minnesota North Stars.

3rd period


0:01 of 3rd period - Matt Duchene wins face-off versus Ryan Nugent-Hopkins in neutral zone.
1:20 of 3rd period - Slapshot by Damon Severson.
1:20 of 3rd period - Stopped by Logan Thompson without a rebound.
1:21 of 3rd period - Brad Marchand wins face-off versus Michael Rasmussen in Minnesota North Stars zone.
1:30 of 3rd period - Snap shot by Patrik Laine.
1:30 of 3rd period - Shot Blocked by Matt Roy.
1:32 of 3rd period - Slapshot by Owen Power.
1:32 of 3rd period - Stopped by Logan Thompson with a rebound.
1:34 of 3rd period - Slapshot by Adam Fox.
1:34 of 3rd period - Stopped by Logan Thompson with a rebound.
1:36 of 3rd period - Slapshot by Owen Power.
1:36 of 3rd period - Shot Blocked by Rasmus Dahlin.
1:46 of 3rd period - Rasmus Dahlin is hit by Martin Necas and loses puck.
1:55 of 3rd period - Ryan Nugent-Hopkins is hit by Martin Necas and loses puck.
2:14 of 3rd period - Snap shot by William Eklund.
2:14 of 3rd period - Shot Blocked by Teddy Blueger.
2:16 of 3rd period - Snap shot by Brock Nelson.
2:16 of 3rd period - Stopped by Lukas Dostal without a rebound.
2:17 of 3rd period - Michael Rasmussen wins face-off versus Matt Duchene in Montreal Canadiens zone.
2:24 of 3rd period - Snap shot by Brad Marchand.
2:24 of 3rd period - Stopped by Logan Thompson with a rebound.
2:46 of 3rd period - Erik Cernak is hit by Josh Manson and loses puck.
3:59 of 3rd period - Slapshot by Owen Power.
3:59 of 3rd period - Shot Misses the Net.
4:27 of 3rd period - Adam Fox is hit by Neal Pionk and loses puck.
4:54 of 3rd period - Minor Penalty to Erik Cernak for Tripping.
4:55 of 3rd period - Macklin Celebrini wins face-off versus Kent Johnson in Minnesota North Stars zone.
5:24 of 3rd period - Snap shot by Matt Duchene.
5:24 of 3rd period - Shot Blocked by Frank Vatrano.
6:54 of 3rd period - Penalty to Erik Cernak is over, Erik Cernak is back on ice.
6:59 of 3rd period - Drew O'Connor is hit by Brock Nelson and loses puck.
7:32 of 3rd period - Damon Severson is hit by Ryan Nugent-Hopkins and loses puck.
7:49 of 3rd period - Wrist shot by Lawson Crouse.
7:49 of 3rd period - Shot Misses the Net.
9:07 of 3rd period - Adam Fox is hit by Erik Cernak and loses puck.
9:17 of 3rd period - Icing by Adam Fox.
9:18 of 3rd period - Brock Nelson wins face-off versus Teddy Blueger in Montreal Canadiens zone.
9:31 of 3rd period - Drew O'Connor is hit by Neal Pionk and loses puck.
9:47 of 3rd period - Adam Fox is hit by Michael Rasmussen and loses puck.
11:03 of 3rd period - Evgeni Dadonov is hit by Gustav Forsling and loses puck.
11:08 of 3rd period - Slapshot by Kent Johnson.
11:08 of 3rd period - Stopped by Lukas Dostal without a rebound.
11:09 of 3rd period - Macklin Celebrini wins face-off versus Kent Johnson in Montreal Canadiens zone.
11:09 of 3rd period - Macklin Celebrini is hit by Frank Vatrano.
11:32 of 3rd period - William Eklund is hit by Brad Marchand and loses puck.
11:54 of 3rd period - Wrist shot by Michael Rasmussen.
11:54 of 3rd period - Shot Misses the Net.
12:29 of 3rd period - Wrist shot by Frank Vatrano.
12:29 of 3rd period - Stopped by Lukas Dostal with a rebound.
12:59 of 3rd period - Slapshot by William Eklund.
12:59 of 3rd period - Stopped by Lukas Dostal with a rebound.
13:15 of 3rd period - Snap shot by Evgeni Dadonov.
13:15 of 3rd period - Goal by Evgeni Dadonov - Montreal Canadiens : 3 - Minnesota North Stars : 3.
13:16 of 3rd period - Ryan Nugent-Hopkins wins face-off versus Macklin Celebrini in neutral zone.
13:21 of 3rd period - Snap shot by Ryan Nugent-Hopkins.
13:21 of 3rd period - Shot Misses the Net.
13:49 of 3rd period - Slapshot by Brad Marchand.
13:49 of 3rd period - Stopped by Logan Thompson without a rebound.
13:50 of 3rd period - Matt Duchene wins face-off versus Michael Rasmussen in Minnesota North Stars zone.
15:10 of 3rd period - Snap shot by Jonathan Marchessault.
15:10 of 3rd period - Deflect By Owen Power.
15:10 of 3rd period - Shot Blocked by Brady Skjei.
15:10 of 3rd period - Puck is out of play.
15:11 of 3rd period - Teddy Blueger wins face-off versus William Eklund in Montreal Canadiens zone.
15:17 of 3rd period - Minor Penalty to Neal Pionk for Cross-checking.
15:18 of 3rd period - Macklin Celebrini wins face-off versus Ryan Nugent-Hopkins in Minnesota North Stars zone.
17:17 of 3rd period - Penalty to Neal Pionk is over, Neal Pionk is back on ice.
17:30 of 3rd period - Slapshot by Fyodor Svechkov.
17:30 of 3rd period - Shot Misses the Net.
17:32 of 3rd period - Wrist shot by Justin Hryckowian.
17:32 of 3rd period - Deflect By Neal Pionk.
17:32 of 3rd period - Shot Misses the Net.
17:32 of 3rd period - Puck is out of play.
17:33 of 3rd period - Matt Duchene wins face-off versus Brock Nelson in Minnesota North Stars zone.
18:01 of 3rd period - Wrist shot by Fyodor Svechkov.
18:01 of 3rd period - Stopped by Logan Thompson with a rebound.
19:05 of 3rd period - Brad Marchand is hit by William Eklund and loses puck.
Goals for this period are 1 for Montreal Canadiens vs 0 for Minnesota North Stars.
Shots for this period are 7 for Montreal Canadiens vs 4 for Minnesota North Stars.

Overtime #1


0:01 of 1st overtime period - Brock Nelson wins face-off versus Macklin Celebrini in neutral zone.
0:32 of 1st overtime period - Wrist shot by Matt Duchene.
0:32 of 1st overtime period - Stopped by Logan Thompson without a rebound.
0:33 of 1st overtime period - Ryan Nugent-Hopkins wins face-off versus Matt Duchene in Minnesota North Stars zone.
0:40 of 1st overtime period - Wrist shot by Ryan Nugent-Hopkins.
0:40 of 1st overtime period - Stopped by Lukas Dostal without a rebound.
0:41 of 1st overtime period - Ryan Nugent-Hopkins wins face-off versus Matt Duchene in Montreal Canadiens zone.
0:42 of 1st overtime period - Snap shot by Jonathan Marchessault.
0:42 of 1st overtime period - Shot Misses the Net.
0:55 of 1st overtime period - Slapshot by Brady Skjei.
0:55 of 1st overtime period - Stopped by Logan Thompson without a rebound.
0:56 of 1st overtime period - Jack Hughes wins face-off versus Macklin Celebrini in Minnesota North Stars zone.
1:50 of 1st overtime period - Adam Fox is hit by Jonathan Marchessault and loses puck.
2:35 of 1st overtime period - Macklin Celebrini is hit by Matt Roy and loses puck.
3:03 of 1st overtime period - Wrist shot by Kent Johnson.
3:03 of 1st overtime period - Goal by Kent Johnson - Montreal Canadiens : 3 - Minnesota North Stars : 4.
Goals for this period are 0 for Montreal Canadiens vs 1 for Minnesota North Stars.
Shots for this period are 2 for Montreal Canadiens vs 2 for Minnesota North Stars.